 Dungeon Sprint DCSS version 0.17-a0-1718-g72dbe4d (webtiles) character file.

13098 Kidiri the Tortoise (level 11, -3/105 HPs)
             Began as a Minotaur Fighter on Aug 25, 2015.
             Was a High Priest of Okawaru.
             Slain by a vampire knight
             ... wielding a +0 long sword
              (9 damage)
             ... in the Dungeon (Sprint VII: "The Pits").
             The game lasted 00:11:38 (3053 turns).

Kidiri the Tortoise (Minotaur Fighter)              Turns: 3053, Time: 00:11:39

Health: -3/105     AC: 19    Str: 29    XL:     11   Next: 71%
Magic:  16/17      EV: 17    Int:  3    God:    Okawaru [*****.]
Gold:   14         SH: 17    Dex: 10    Spells: 0 memorised, 10 levels left

rFire  . . .     SeeInvis .     w - +3 broad axe (freeze)
rCold  . . .     Rnd*Rage +     x - +6 scale mail
rNeg   . . .     SustAt   .     c - +0 shield
rPois  +         Gourm    .     (helmet restricted)
rElec  .         Spirit   .     (no cloak)
rCorr  .         Warding  .     (no gloves)
rMut   .         NoTele   +     a - +0 pair of boots
MR     +....                    B - necklace of Bloodlust {*Rage +Rage MR+ Str+2 Int-2 Slay+3 *Curse} (curse)
Stlth  +.........               t - +3 ring of strength
                                E - ring of poison resistance

@: exhausted, heroism, slowed, very slow, somewhat resistant to hostile
enchantments, very unstealthy
A: retaliatory headbutt, horns 2
a: Heroism, Finesse, Renounce Religion, Evoke Berserk Rage


You were in the Dungeon.
You worshipped Okawaru.
Okawaru was extremely pleased with you.
You were not hungry.

You visited 1 branch You collected 14 gold pieces.

Inventory:

Hand weapons
 w - a +3 broad axe of freezing (weapon)
Armour
 a - a +0 pair of boots (worn)
 c - a +0 shield (worn)
 x - a +6 scale mail (worn)
Jewellery
 r - a +3 ring of intelligence
 t - a +3 ring of strength (right hand)
 B - the cursed necklace of Bloodlust (around neck) {*Rage +Rage MR+ Str+2 Int-2 Slay+3 *Curse}
   (You found it in the Dungeon)

   [amulet of rage]

   It affects your strength (+2).
   It affects your intelligence (-2).
   It affects your accuracy and damage with ranged weapons and melee attacks
   (+3).
   It affects your resistance to hostile enchantments.
   It lets you go berserk.
   It may make you go berserk in combat.
   It may re-curse itself when equipped.
   It has a curse placed upon it.
 E - a ring of poison resistance (left hand)
Scrolls
 b - 2 scrolls of recharging
 k - a scroll of blinking
 o - 4 scrolls of remove curse
 p - 5 scrolls of amnesia
 q - a scroll of summoning
 y - 3 scrolls of identify
 z - 2 scrolls of fog
Potions
 d - 3 potions of might
 g - 10 potions of heal wounds
 h - 2 potions of haste
 i - 4 potions of magic
 j - 3 potions of berserk rage
 n - 2 potions of invisibility
 u - 3 potions of cure mutation
 v - a potion of brilliance
 F - a potion of agility
Comestibles
 e - 7 bread rations
 f - 3 chunks of flesh
 l - 43 fruits
 m - 7 meat rations
 C - a royal jelly
 D - a beef jerky


   Skills:
 + Level 12.3(17.3) Fighting
 * Level 16.2(21.2) Axes
 * Level 16.3(21.3) Armour
 + Level 10.9(15.9) Dodging
 * Level 16.3(21.3) Shields
 + Level 10.1 Invocations


You had 10 spell levels left.
You didn't know any spells.

Dungeon Overview and Level Annotations

Branches:
Dungeon (1/1)

Altars:
Ashenzari
Cheibriados
Dithmenos
Elyvilon
Fedhas
Gozag
Kikubaaqudgha
Makhleb
Nemelex Xobeh
Okawaru
Qazlal
Ru
Sif Muna
Trog
Vehumet
Xom
Yredelemnul
Zin
The Shining One
Beogh
Jiyva
Lugonu


Innate Abilities, Weirdness & Mutations

You reflexively headbutt those who attack you in melee.
You have a pair of horns on your head.


Message History

You hit something but do no damage. You headbutt something.
You block its attack. x2
You miss something. You headbutt something. You block its attack.
Something bites you but does no damage.
Unholy energy fills the air.
You hit something but do no damage. You headbutt something. Something hits you.
Something bites you but does no damage.
You closely miss something. Something hits you but does no damage.
Something bites you but does no damage. Something hits you!!
* * * LOW HITPOINT WARNING * * *
You block its attack.
You hit something but do no damage. You headbutt something. Something hits you!
* * * LOW HITPOINT WARNING * * *
You block its attack.
Drink which item? (? for menu, Esc to quit)
You feel much better.
Unholy energy fills the air.
* * * LOW HITPOINT WARNING * * *
Something hits you!
* * * LOW HITPOINT WARNING * * *
Something bites you!
You die...

#++### #.... #...
#.{# #.@# #..#
###### #..# .##..#
#..# .##..# #..#
.++..# #..#
.++..##########..#
.##.........รท....#
.##..............#


There were no monsters in sight!

Vanquished Creatures
  Erolcha (D)
  Josephine (D)
  A great orb of eyes (D)
  A hydra (D)
  A sun demon (D)
  2 unseen horrors (D)
  A flayed ghost (D)
  A lindwurm (D)
  A naga ritualist (D)
  A cyclops (D)
  A naga mage (D)
  A molten gargoyle (D)
  3 smoke demons (D)
  A black mamba (D)
  A spiny frog (D)
  2 demonic crawlers (D)
  A polar bear (D)
  2 jumping spiders (D)
  A red devil (D)
  A troll (D)
  An air elemental (D)
  A redback (D)
  5 wraiths (D)
  3 nagas (D)
  A steam dragon (D)
  4 yaks (D)
  A wolf (D)
  An ice beast (D)
  An ogre (D)
  2 black bears (D)
  2 crocodiles (D)
  A brain worm (D)
  3 giant frogs (D)
  3 wights (D)
  An orc wizard (D)
  2 orc priests (D)
  2 worker ants (D)
  An iguana (D)
  A mummy (D)
  An adder (D)
  3 gnolls (D)
  2 oozes (D)
  A giant gecko (D)
  5 orcs (D)
  A bat zombie (D)
  A hobgoblin (D)
  A quokka (D)
  A giant gecko zombie (D)
  2 giant newts (D)
  A quokka skeleton (D)
  A rat (D)
81 creatures vanquished.

Notes
Turn   | Place    | Note
--------------------------------------------------------------
     0 | D        | Kidiri the Minotaur Fighter began the quest for the Orb.
     0 | D        | Reached XP level 1. HP: 19/19 MP: 0/0
    28 | D        | Reached skill level 4 in Armour
    28 | D        | Reached skill level 1 in Dodging
    53 | D        | Found a sacrificial altar of Ru.
    53 | D        | Found a basalt altar of Yredelemnul.
    53 | D        | Found a shadowy altar of Dithmenos.
    53 | D        | Found a deep blue altar of Sif Muna.
    53 | D        | Found a burning altar of Makhleb.
    53 | D        | Found a shimmering altar of Xom.
    53 | D        | Found an ancient bone altar of Kikubaaqudgha.
    53 | D        | Found a sparkling altar of Nemelex Xobeh.
    54 | D        | Found a glowing golden altar of the Shining One.
    54 | D        | Found a bloodstained altar of Trog.
    54 | D        | Found a shattered altar of Ashenzari.
    54 | D        | Found a white marble altar of Elyvilon.
    54 | D        | Found a snail-covered altar of Cheibriados.
    54 | D        | Found a blossoming altar of Fedhas.
    54 | D        | Found a radiant altar of Vehumet.
    54 | D        | Found a glowing silver altar of Zin.
    54 | D        | Found a corrupted altar of Lugonu.
    54 | D        | Found a viscous altar of Jiyva.
    54 | D        | Found a roughly hewn altar of Beogh.
    54 | D        | Found an iron altar of Okawaru.
    60 | D        | Found a stormy altar of Qazlal.
    61 | D        | Found an opulent altar of Gozag.
    63 | D        | Became a worshipper of Warmaster Okawaru
    80 | D        | Reached XP level 2. HP: 27/27 MP: 1/1
    85 | D        | Noticed a brain worm
    90 | D        | Lost intelligence.
    96 | D        | Killed a brain worm
    96 | D        | Reached skill level 5 in Axes
    96 | D        | Reached skill level 6 in Armour
    96 | D        | Reached skill level 5 in Shields
    96 | D        | Reached XP level 3. HP: 23/35 MP: 1/3
    96 | D        | Reached XP level 4. HP: 26/41 MP: 1/4
   201 | D        | Noticed a worker ant
   207 | D        | Killed a worker ant
   207 | D        | Reached skill level 5 in Fighting
   223 | D        | Noticed a worker ant
   226 | D        | Killed a worker ant
   302 | D        | Noticed a wolf
   302 | D        | Noticed a black bear
   302 | D        | Noticed a giant frog
   307 | D        | Reached XP level 5. HP: 48/48 MP: 4/6
   313 | D        | Noticed an ice beast
   314 | D        | Killed a wolf
   314 | D        | Acquired Okawaru's first power
   314 | D        | Reached skill level 7 in Axes
   319 | D        | Killed a giant frog
   319 | D        | Reached skill level 8 in Armour
   319 | D        | Reached XP level 6. HP: 21/57 MP: 5/7
   324 | D        | Killed a black bear
   336 | D        | Killed an ice beast
   336 | D        | Reached skill level 9 in Armour
   336 | D        | Reached skill level 5 in Dodging
   464 | D        | Noticed a redback
   473 | D        | Killed a redback
   473 | D        | Reached skill level 5 in Invocations
   473 | D        | Reached XP level 7. HP: 41/66 MP: 7/9
   589 | D        | Noticed a giant frog
   589 | D        | Noticed a wight
   589 | D        | Noticed a wight
   589 | D        | Noticed a wight
   592 | D        | Killed a wight
   596 | D        | Killed a wight
   596 | D        | Reached skill level 10 in Armour
   603 | D        | Killed a giant frog
   603 | D        | Reached skill level 10 in Shields
   607 | D        | Killed a wight
   618 | D        | Noticed a yak
   618 | D        | Noticed a yak
   618 | D        | Noticed a yak
   618 | D        | Noticed a yak
   625 | D        | Killed a yak
   625 | D        | Reached skill level 10 in Axes
   627 | D        | Killed a yak
   627 | D        | Reached XP level 8. HP: 50/74 MP: 11/11
   631 | D        | Killed a yak
   631 | D        | Reached skill level 11 in Armour
   631 | D        | Killed a yak
   861 | D        | Noticed a black bear
   863 | D        | Noticed a demonic crawler
   867 | D        | Killed a black bear
   879 | D        | Killed a demonic crawler
   885 | D        | Noticed a molten gargoyle
   898 | D        | Killed a molten gargoyle
   898 | D        | Reached XP level 9. HP: 41/83 MP: 11/13
  1095 | D        | Noticed a polar bear
  1095 | D        | Noticed a smoke demon
  1095 | D        | Noticed a demonic crawler
  1095 | D        | Noticed a smoke demon
  1095 | D        | Noticed a naga mage
  1095 | D        | Noticed a naga ritualist
  1095 | D        | Noticed a naga
  1095 | D        | Noticed a naga
  1095 | D        | Noticed a naga
  1102 | D        | Killed a naga
  1102 | D        | Reached skill level 12 in Armour
  1112 | D        | Killed a demonic crawler
  1115 | D        | Killed a smoke demon
  1125 | D        | Killed a smoke demon
  1126 | D        | Killed a polar bear
  1179 | D        | Killed a naga mage
  1179 | D        | Reached skill level 13 in Armour
  1179 | D        | Killed a naga
  1186 | D        | Killed a naga ritualist
  1186 | D        | Reached skill level 10 in Fighting
  1186 | D        | Reached XP level 10. HP: 30/93 MP: 14/14
  1188 | D        | Killed a naga
  1613 | D        | Noticed Erolcha
  1613 | D        | Noticed a troll
  1615 | D        | Paralysed by Erolcha for 5 turns
  1624 | D        | Killed Erolcha
  1624 | D        | Acquired Okawaru's second power
  1624 | D        | Killed a troll
  1624 | D        | Reached skill level 14 in Armour
  1990 | D        | Noticed a wraith
  1991 | D        | Noticed a giant frog
  1991 | D        | Noticed a crocodile
  1991 | D        | Noticed an eight-headed hydra
  1993 | D        | Noticed a steam dragon
  1995 | D        | Killed a crocodile
  1996 | D        | Killed a giant frog
  1999 | D        | Killed a 13-headed hydra
  1999 | D        | Killed a wraith
  2006 | D        | Killed a steam dragon
  2282 | D        | Noticed a great orb of eyes
  2286 | D        | Killed an unseen horror
  2295 | D        | Noticed an air elemental
  2298 | D        | Killed a great orb of eyes
  2298 | D        | Received a gift from Okawaru
  2304 | D        | Killed an air elemental
  2305 | D        | Noticed a jumping spider
  2612 | D        | Killed a jumping spider
  2612 | D        | Reached skill level 15 in Armour
  2612 | D        | Reached skill level 15 in Shields
  2612 | D        | Reached XP level 11. HP: 102/102 MP: 16/16
  2629 | D        | Noticed a black mamba
  2637 | D        | Killed a black mamba
  2661 | D        | Noticed a cyclops
  2661 | D        | Noticed a lindwurm
  2666 | D        | Killed a lindwurm
  2666 | D        | Reached skill level 15 in Axes
  2666 | D        | Reached skill level 10 in Dodging
  2668 | D        | Killed a cyclops
  2693 | D        | Noticed an ogre
  2693 | D        | Noticed Josephine
  2693 | D        | Noticed a wraith
  2693 | D        | Noticed an iguana
  2693 | D        | Noticed an orc priest
  2693 | D        | Noticed an orc wizard
  2693 | D        | Noticed a red devil
  2694 | D        | Noticed a wraith
  2694 | D        | Noticed an orc priest
  2694 | D        | Noticed a sun demon
  2697 | D        | Noticed a wraith
  2697 | D        | Noticed a spiny frog
  2697 | D        | Noticed a flayed ghost
  2698 | D        | Noticed a wraith
  2698 | D        | Killed an orc wizard
  2702 | D        | Killed an iguana
  2702 | D        | Killed a wraith
  2705 | D        | Killed a spiny frog
  2707 | D        | Killed an unseen horror
  2708 | D        | Killed Josephine
  2711 | D        | Killed an orc priest
  2713 | D        | Killed a sun demon
  2714 | D        | Killed a flayed ghost
  2714 | D        | Reached skill level 16 in Armour
  2716 | D        | Killed an ogre
  2716 | D        | Killed a wraith
  2719 | D        | Killed a wraith
  2719 | D        | Reached skill level 10 in Invocations
  2728 | D        | Killed a wraith
  2731 | D        | Killed an orc priest
  2737 | D        | Killed a red devil
  3016 | D        | Noticed a jumping spider
  3020 | D        | Noticed a crocodile
  3022 | D        | Killed a jumping spider
  3025 | D        | Killed a crocodile
  3030 | D        | Noticed a smoke demon
  3033 | D        | Killed a smoke demon
  3041 | D        | Noticed a vampire knight
  3053 | D        | Slain by a vampire knight

Vault maps used:
D:        pitsprint

Action                   |  1- 3 |  4- 6 |  7- 9 | 10-12 || total
-------------------------+-------+-------+-------+-------++-------
Melee: War axe           |    12 |    53 |    26 |       ||    91
       Broad axe         |       |       |    55 |   101 ||   156
Invok: Heroism           |       |     2 |     3 |     4 ||     9
       Finesse           |       |       |       |     1 ||     1
  Use: Potion            |       |     1 |    12 |     5 ||    18
       Scroll            |       |       |       |     4 ||     4
 Stab: Sleeping          |       |     1 |       |       ||     1
  Eat: Chunk             |       |       |     1 |       ||     1
       Bread ration      |       |       |       |     2 ||     2
